Map: Kairos Junction LE

Players

Lambo - Winner!

  • Race: Zerg Zerg
  • League: Grandmaster
  • Spawn Location: 11:00

IIIIIIIIIIII

  • Race: Protoss Protoss
  • League: Master
  • Spawn Location: 5:00

VOD

Have the link to the VOD?

Description

Time

  • Played on: Dec. 19, 2018, 12:48 p.m.
  • Length: 9:56
Show
View Real Time Build Order
Export as new Build Order

Lambo Zerg - Winner!

Build Orders: Hatch First 

Get SALT Encoding   

  12  0:01  Drone  
  13  0:13  Overlord  
  13  0:16  Drone  
  14  0:31  Drone x2  
  16  0:48  Hatchery  
  15  0:50  Drone  
  15  0:55  Drone  
  17  0:58  Drone  
  18  1:09  Extractor  
  17  1:13  Spawning Pool  
  17  1:17  Drone  
  17  1:20  Drone  
  18  1:28  Drone  
  19  1:40  Drone  
  20  1:51  Overlord  
  20  2:00  Queen x2  
  24  2:01  Zergling x4  
  26  2:11  Drone  
  26  2:12  Drone  
  28  2:21  Drone  
  29  2:23  Drone  
  30  2:36  Hatchery  
  29  2:37  Drone  
  29  2:40  Drone  
  29  2:43  Drone  
  32  2:46  Overlord  
  32  2:55  Queen  
  34  3:00  Drone x2  
  35  3:06  Drone x2  
  35  3:10  Drone x2  
  38  3:13  Overlord, Drone  
  38  3:16  Drone  
  38  3:19  Drone  
  41  3:25  Drone x2  
  43  3:30  Spore Crawler  
  43  3:31  Queen  
  44  3:37  Drone x2  
  46  3:43  Lair, Drone x2  
  46  3:44  Drone  
  46  3:45  Drone x2  
  51  3:49  Drone  
  51  3:50  Spore Crawler  
  51  3:52  Spore Crawler  
  51  3:54  Drone  
  51  3:55  Drone  
  52  3:58  Overlord, Extractor  
  52  3:59  Extractor  
  49  4:02  Drone  
  49  4:03  Spore Crawler  
  49  4:05  Drone x2  
  49  4:07  Overlord  
  51  4:14  Roach Warren, Overlord  
  50  4:20  Overlord  
  50  4:21  Drone x2  
  52  4:26  Overlord  
  52  4:27  Drone  
  52  4:30  Drone x2  
  55  4:31  Drone  
  55  4:34  Drone  
  55  4:35  Drone  
  55  4:38  Drone  
  59  4:40  Drone x2  
  59  4:42  Extractor, Drone  
  59  4:45  Drone  
  62  4:47  Overlord  
  62  4:53  Roach x2  
  62  4:54  Roach  
  62  4:56  Glial Reconstitution  
  68  5:02  Roach x2  
  68  5:04  Roach  
  74  5:07  Overlord  
  74  5:08  Roach  
  74  5:11  Roach x2  
  74  5:14  Roach  
  82  5:16  Roach  
  82  5:18  Roach x2  
  88  5:22  Roach x2  
  88  5:24  Overlord  
  88  5:27  Roach  
  94  5:29  Roach  
  96  5:37  Roach x4  
  96  5:40  Roach  
  104  5:44  Roach x2  
  105  5:50  Roach x2  
  107  5:57  Roach x2  
  109  6:04  Roach x3  
  109  6:10  Roach x2  
  112  6:13  Roach  
  114  6:25  Ravager  
  114  6:29  Roach  
  114  6:30  Overlord  
  114  6:31  Overlord  
  111  6:37  Overlord  
  111  6:44  Roach x3  
  111  6:46  Ravager  
  114  6:52  Ravager  
  112  6:55  Roach x3  
  112  6:59  Drone x6  
  112  7:00  Drone  
  123  7:12  Metabolic Boost  
  123  7:14  Drone x5  
  128  7:20  Roach x2  
  130  7:27  Roach x2  
  120  7:32  Roach x2  
  116  7:40  Drone x6  
  116  7:42  Drone  
  121  7:45  Drone  
  121  7:46  Drone  
  121  7:50  Queen  
  125  7:54  Ravager x2  
  125  7:57  Drone  
  125  7:58  Drone x2  
  127  8:04  Roach, Zergling x2  
  130  8:09  Roach  
  130  8:12  Overlord  
  132  8:14  Overlord, Hatchery  
  132  8:15  Overlord  
  131  8:20  Roach  
  131  8:21  Roach  
  135  8:27  Roach  
  135  8:28  Overlord  
  135  8:30  Overlord  
  135  8:32  Zergling x8  
  141  8:38  Zergling x2  
  142  8:41  Roach  
  142  8:43  Ravager  
  142  8:47  Roach x6  
  157  8:49  Ravager x5  
  162  9:00  Ravager  
  162  9:01  Roach x2, Zergling x6  
  162  9:02  Zergling x2  
  171  9:03  Overlord  
  171  9:07  Extractor  
  170  9:12  Overlord  
  170  9:15  Zergling x2  
  170  9:16  Zergling x14  
  178  9:22  Overlord  
  176  9:24  Overlord  
  176  9:27  Overlord  
  176  9:32  Zergling x4  
  176  9:33  Zergling x6  
Show
View Real Time Build Order
Export as new Build Order

IIIIIIIIIIII Protoss 

Build Orders: 1 Gate Expand, Oracle Opening, Phoenix Opening 

Get SALT Encoding   

  12  0:01  Probe  
  13  0:13  Probe  
  14  0:18  Pylon  
  14  0:25  Probe  
  15  0:33  Probe  
  15  0:38  Gateway  
  15  0:41  Probe  
  16  0:47  Assimilator  
  17  0:52  Probe  
  18  1:04  Probe  
  19  1:16  Probe  
  20  1:23  Nexus  
  20  1:34  Cybernetics Core  
  20  1:36  Probe  
  21  1:42  Assimilator  
  21  1:48  Probe  
  21  1:51  Pylon  
  22  2:00  Probe  
  23  2:05  Adept  
  23  2:11  Stargate  
  23  2:12  Probe  
  26  2:24  Probe  
  26  2:25  Warp Gate  
  27  2:31  Adept, Probe  
  27  2:32  Probe  
  31  2:39  Probe  
  31  2:40  Probe  
  32  2:49  Probe  
  32  2:51  Probe  
  33  2:52  Oracle  
  38  3:06  Probe x2  
  37  3:18  Gateway, Probe x2  
  39  3:21  Pylon  
  39  3:22  Phoenix  
  39  3:30  Probe x2  
  43  3:37  Twilight Council  
  43  3:42  Probe x2  
  43  3:44  Resonating Glaives  
  45  3:53  Gateway x2  
  45  3:55  Probe  
  45  3:56  Probe  
  45  4:02  Pylon  
  47  4:05  Assimilator  
  47  4:06  Assimilator  
  47  4:09  Probe x2  
  49  4:12  Pylon  
  49  4:22  Probe x2  
  51  4:26  Adept x2  
  55  4:34  Probe x2  
  57  4:48  Adept x4, Pylon  
  65  4:56  Nexus  
  65  5:09  Adept x4  
  65  5:11  Probe  
  65  5:12  Probe  
  75  5:20  Robotics Facility  
  75  5:25  Robotics Facility  
  75  5:27  Probe  
  76  5:29  Probe  
  76  5:33  Pylon  
  77  5:42  Probe x2  
  77  5:43  Forge  
  73  5:54  Probe x2  
  69  5:58  Immortal  
  69  6:01  Immortal  
  69  6:14  Sentry x3  
  69  6:15  Adept  
  69  6:16  Protoss Ground Weapons Level 1  
  69  6:18  Probe x3  
  84  6:24  Immortal  
  84  6:28  Shield Battery  
  84  6:29  Photon Cannon  
  84  6:32  Immortal  
  78  6:39  Sentry  
  77  6:40  Sentry  
  77  6:43  Sentry, Zealot  
  84  6:59  Immortal  
  84  7:06  Adept x4  
  84  7:07  Immortal  
  89  7:16  Pylon  
  89  7:18  Pylon  
  89  7:20  Pylon  
  81  7:30  Immortal  
  81  7:32  Sentry x2  
  81  7:33  Zealot  
  81  7:34  Zealot  
  81  7:36  Immortal  
  79  7:58  Zealot x4  
  87  8:07  Gateway  
  87  8:08  Gateway  
  87  8:12  Warp Prism  
  89  8:18  Immortal  
  89  8:20  Sentry x3  
  95  8:32  Sentry, Pylon  
  101  8:37  Pylon  
  101  8:42  Pylon  
  101  8:52  Sentry x2, Adept  
  107  8:56  Adept  
  107  9:02  Adept x2  
  113  9:27  Adept x6  
Tags
 
Add a new tag
Caveats
  • Supply blocks, unpowered buildings, or Contaminate may cause inaccurate times.
  • Supply counts are checked every 10 seconds.